 Dungeon Crawl Stone Soup version 0.18-a0-902-g8738618 (webtiles) character file.

176 Jmtri7 the Skirmisher (level 5, -1/44 HPs)
             Began as a Formicid Skald on Dec 24, 2015.
             Slain by an orc (3 damage)
             ... on level 4 of the Dungeon.
             The game lasted 00:25:26 (2768 turns).

Jmtri7 the Skirmisher (Formicid Skald)              Turns: 2768, Time: 00:25:26

Health: -1/44      AC:  9    Str: 18    XL:     5   Next: 86%
Magic:  8/8        EV:  7    Int: 11    God:
Gold:   193        SH:  0    Dex: 14    Spells: 2 memorised, 5 levels left

rFire  . . .     SeeInvis +     o - -2 hunting sling
rCold  . . .     Gourm    .     s - +1 chain mail
rNeg   . . .     Faith    .     (no shield)
rPois  .         Spirit   .     (helmet unavailable)
rElec  .         Dismiss  .     (no cloak)
rCorr  .         Reflect  .     (no gloves)
SustAt .         Harm     .     (no boots)
MR     .....                    (no amulet)
Stlth  ..........               r - +4 ring of dexterity
                                p - +3 ring of slaying

@: not resistant to hostile enchantments, extremely unstealthy
A: permanent stasis, dig shafts and tunnels, four strong arms, antennae 3
a: Dig, Shaft Self


You were on level 4 of the Dungeon.
You were hungry.

You visited 1 branch of the dungeon, and saw 4 of its levels.

You collected 193 gold pieces.

Inventory:

Hand Weapons
 a - a +1 spear
 m - a +3 mace
 n - a cursed -1 trident
 o - a -2 hunting sling (weapon)
Missiles
 b - 25 poisoned needles
 e - 84 arrows
 f - 3 stones (quivered)
 q - 20 bolts
Armour
 d - a +1 robe of magic resistance
 g - a +0 ring mail
 s - a +1 chain mail (worn)
Magical Staves
 t - an uncursed staff of poison {unknown}
Jewellery
 p - a +3 ring of slaying (left hand)
 r - a +4 ring of dexterity (right hand)
Scrolls
 i - 5 scrolls of identify
 j - a scroll of immolation
 l - a scroll of teleportation
Potions
 k - 2 potions of curing
Books
 c - a book of Battle

   Spells                             Type                      Level
   a - Infusion                       Charms                       1
   b - Shroud of Golubria             Charms/Translocation         2
   c - Song of Sleighing              Charms                       2
   d - Spectral Weapon                Hexes/Charms                 3
   e - Regeneration                   Charms/Necromancy            3
Comestibles
 h - 2 fruits


   Skills:
 - Level 5.4 Fighting
 - Level 2.0 Polearms
 + Level 2.5 Slings
 - Level 1.1 Armour
 - Level 0.8 Dodging
 - Level 2.1 Spellcasting
 - Level 3.0 Charms


You had 5 spell levels left.
You knew the following spells:

 Your Spells              Type           Power        Failure   Level  Hunger
a - Infusion              Chrm           #.....       95%         1    ##.....
b - Song of Sleighing     Chrm           #.......     99%         2    ###....


Dungeon Overview and Level Annotations

Branches:
Dungeon (4/15)
 Temple: D:4-7

Altars:
Gozag
Kikubaaqudgha
Qazlal
Yredelemnul


Innate Abilities, Weirdness & Mutations

You are under a permanent stasis effect.
You can dig through walls and to a lower floor.
Your four strong arms can wield two-handed weapons with a shield.
You have a pair of large antennae on your head (SInv).


Message History

Aim: an orc priest, wielding a club and wearing a scale mail (severely wounded)
You shoot a stone. The stone barely misses the orc priest.
The orc hits you.
* * * LOW HITPOINT WARNING * * *
Your magical contamination has completely faded away.
Firing (i - inventory):
f - 5 stones (quivered)
Press: ? - help, Shift-Dir - straight line, f/p - orc priest
Aim: an orc priest, wielding a club and wearing a scale mail (severely wounded)
You shoot a stone.
The stone hits the orc priest but does no damage.
The orc priest is severely wounded.
The orc priest barely misses you. The orc hits you but does no damage.
Firing (i - inventory):
f - 4 stones (quivered)
Press: ? - help, Shift-Dir - straight line, f/p - orc priest
Aim: an orc priest, wielding a club and wearing a scale mail (severely wounded)
You shoot a stone.
The stone hits the orc priest but does no damage.
The orc priest is severely wounded.
The orc priest hits you but does no damage.
The orc hits you.
You die...

## . ##.
# #(##
#.#o.##
#..@o.#
###.##.#
#.# #.#
..# ###


You could see an orc priest and an orc.

Vanquished Creatures
  Terence (D:3)
  2 worker ant zombies
  6 adders
  3 oozes
  A worm (D:2)
  4 giant geckos
  An orc (D:3)
  2 giant cockroaches
  4 goblins
  7 hobgoblins
  2 jackals (D:1)
  6 ball pythons
  6 bats
  7 giant newts
  A kobold (D:3)
  A quokka (D:2)
  11 rats
  A spectral orc (D:2)
66 creatures vanquished.

Notes
Turn   | Place    | Note
--------------------------------------------------------------
     0 | D:1      | Jmtri7 the Formicid Skald began the quest for the Orb.
     0 | D:1      | Reached XP level 1. HP: 16/16 MP: 3/3
   177 | D:1      | Reached XP level 2. HP: 12/23 MP: 0/5
   480 | D:1      | Reached XP level 3. HP: 29/29 MP: 6/6
   771 | D:2      | Reached skill level 4 in Fighting
  1075 | D:2      | Found a stormy altar of Qazlal.
  1256 | D:2      | Reached XP level 4. HP: 24/38 MP: 7/7
  1305 | D:2      | Found an opulent altar of Gozag.
  1574 | D:2      | Reached skill level 5 in Fighting
  1929 | D:2      | Found a basalt altar of Yredelemnul.
  2075 | D:3      | Found an ancient bone altar of Kikubaaqudgha.
  2194 | D:3      | Reached XP level 5. HP: 44/44 MP: 8/8
  2268 | D:3      | Learned a level 2 spell: Song of Sleighing
  2347 | D:3      | Noticed Terence
  2387 | D:3      | Killed Terence
  2387 | D:3      | Reached skill level 1 in Slings
  2766 | D:4      | HP: 2/44 [orc (1)]
  2768 | D:4      | Slain by an orc

Vault maps used:
D:1:      scummos_arrival_simple_fountains, minmay_misc_feat_doors,
          due_unseen_surprise
D:2:      nicolae_qazlal_general_emergency, yredelemnul_forgotten_temple_becter,
          nicolae_gozag_seed_capital, fountainhead, minmay_shallow_snake_nest
D:3:      old_standard_altar, uniq_terence
D:4:      nicolae_ru_awakened_eye, vehumet_altar_wand_db, uniq_eustachio

Action                   |  1- 3 |  4- 6 || total
-------------------------+-------+-------++-------
Melee: Spear             |    61 |       ||    61
 Fire: Hunting sling     |    74 |   195 ||   269
 Cast: Infusion          |     2 |     3 ||     5
       Song of Sleighing |       |     2 ||     2
 Abil: Dig               |     3 |     8 ||    11
  Use: Potion            |     7 |     3 ||    10
       Scroll            |     5 |     5 ||    10
  Eat: Bread ration      |     1 |       ||     1
       Fruit             |       |     5 ||     5
